[ AOE2 MATCH · #471228659 ]
1v1 RMLithuanians vs Berbers
Rival team · LOSS
[ REPLAY ANALYSIS · EXTRACTED FROM THE RECORDED GAME ]
Feudal
9:16
Castle
21:54
Imperial
40:41
| APM avg | 52.9 |
| APM peak | 94 |
| eAPM avg | 31.2 |
| Villagers / military | 130 / 153 |
Focus
⚔️ 24.3% · 🌾 75.7%
Knight ×133 · Scout Cavalry ×7 · Archer ×7 · Trebuchet (Packed) ×5 · Monk ×1
Feudal
9:47
Castle
23:18
Imperial
39:31
| APM avg | 58.4 |
| APM peak | 102 |
| eAPM avg | 28.3 |
| Villagers / military | 167 / 68 |
Focus
⚔️ 27.7% · 🌾 72.3%
Camel Archer ×36 · Trebuchet (Packed) ×11 · Skirmisher ×9 · Archer ×8 · Monk ×3 · Spearman ×1
Match map
Resources at game start + every placement click. Thick line = wall · dashed box = detected house wall. 🟡 gold · ⚪ stone · 🟢 berries · 🔶 boar · ⭕ relic
Inputs per minute
— Lith_KING - - r@w
Build order — Lith_KING
First 150 of 386 actions detected
| 0:01 | Create | Villager (Male) |
| 0:01 | Create | Villager (Male) |
| 0:02 | Build | House |
| 0:04 | Create | Villager (Male) |
| 0:05 | Build | House |
| 0:27 | Create | Villager (Male) |
| 0:27 | Create | Villager (Male) |
| 0:27 | Create | Villager (Male) |
| 1:35 | Create | Villager (Male) |
| 1:53 | Build | Lumber Camp |
| 1:54 | Create | Villager (Male) |
| 2:39 | Create | Villager (Male) |
| 3:25 | Create | Villager (Male) |
| 3:25 | Create | Villager (Male) |
| 3:38 | Build | House |
| 3:39 | Build | House |
| 4:04 | Create | Villager (Male) |
| 4:04 | Create | Villager (Male) |
| 4:04 | Create | Villager (Male) |
| 4:33 | Build | Mill |
| 4:40 | Create | Villager (Male) |
| 5:06 | Create | Villager (Male) |
| 5:56 | Create | Villager (Male) |
| 5:56 | Create | Villager (Male) |
| 5:57 | Create | Villager (Male) |
| 6:12 | Research | Loom |
| 7:01 | Research | Feudal Age |
| 7:16 | Build | Barracks |
| 8:06 | Build | House |
| 9:02 | Build | House |
| 9:16 | Age | Feudal Age |
| 9:21 | Build | Stable |
| 9:24 | Create | Villager (Male) |
| 10:02 | Build | Lumber Camp |
| 10:05 | Create | Villager (Male) |
| 10:09 | Create | Scout Cavalry |
| 10:09 | Create | Scout Cavalry |
| 10:15 | Create | Villager (Male) |
| 10:28 | Research | Double-Bit Axe |
| 10:58 | Create | Villager (Male) |
| 11:00 | Create | Scout Cavalry |
| 11:11 | Create | Scout Cavalry |
| 11:11 | Create | Villager (Male) |
| 11:25 | Build | Mill |
| 11:27 | Create | Villager (Male) |
| 11:52 | Build | Archery Range |
| 12:00 | Build | Mining Camp |
| 12:09 | Create | Villager (Male) |
| 12:16 | Create | Scout Cavalry |
| 12:17 | Create | Villager (Male) |
| 13:06 | Create | Villager (Male) |
| 13:10 | Create | Archer |
| 13:11 | Create | Archer |
| 13:18 | Build | House |
| 13:20 | Build | House |
| 13:25 | Build | Farm |
| 13:29 | Build | Farm |
| 13:31 | Build | Farm |
| 13:32 | Build | Farm |
| 13:33 | Build | Farm |
| 13:36 | Create | Villager (Male) |
| 13:53 | Create | Archer |
| 14:02 | Create | Villager (Male) |
| 14:04 | Build | Farm |
| 14:41 | Build | Farm |
| 14:53 | Create | Archer |
| 14:54 | Create | Archer |
| 14:55 | Create | Villager (Male) |
| 14:55 | Create | Villager (Male) |
| 14:55 | Create | Villager (Male) |
| 15:02 | Build | Farm |
| 15:42 | Create | Scout Cavalry |
| 15:43 | Create | Villager (Male) |
| 16:20 | Create | Villager (Male) |
| 16:22 | Build | Farm |
| 16:25 | Build | Farm |
| 16:28 | Build | House |
| 16:29 | Create | Villager (Male) |
| 16:48 | Create | Villager (Male) |
| 16:54 | Build | House |
| 16:58 | Build | Farm |
| 16:59 | Build | Farm |
| 17:00 | Build | Farm |
| 17:01 | Build | Farm |
| 17:03 | Create | Villager (Male) |
| 17:08 | Build | Farm |
| 17:16 | Create | Archer |
| 17:32 | Build | House |
| 17:34 | Build | Lumber Camp |
| 17:42 | Create | Archer |
| 17:53 | Create | Scout Cavalry |
| 18:19 | Create | Villager (Male) |
| 18:20 | Create | Villager (Male) |
| 18:22 | Build | House |
| 18:26 | Build | Blacksmith |
| 19:14 | Research | Castle Age |
| 19:41 | Build | Farm |
| 19:42 | Build | Farm |
| 19:47 | Build | Lumber Camp |
| 20:17 | Build | Stable |
| 20:19 | Build | Stable |
| 20:23 | Research | Bloodlines |
| 20:24 | Research | Scale Mail Armor |
| 20:24 | Research | Forging |
| 20:44 | Build | Farm |
| 20:50 | Research | Scale Barding Armor |
| 21:40 | Build | House |
| 21:46 | Build | House |
| 21:49 | Build | House |
| 21:54 | Age | Castle Age |
| 22:02 | Build | Monastery |
| 22:11 | Create | Villager (Male) |
| 22:12 | Research | Bow Saw |
| 22:17 | Build | Town Center |
| 22:19 | Create | Villager (Male) |
| 22:37 | Create | Monk |
| 22:38 | Build | Farm |
| 22:39 | Build | Farm |
| 22:56 | Research | Husbandry |
| 22:57 | Create | Knight |
| 22:57 | Create | Knight |
| 22:57 | Create | Knight |
| 22:57 | Create | Knight |
| 22:58 | Create | Knight |
| 24:09 | Create | Knight |
| 24:09 | Create | Knight |
| 24:10 | Create | Villager (Male) |
| 24:10 | Create | Villager (Male) |
| 24:10 | Create | Villager (Male) |
| 24:20 | Research | Wheelbarrow |
| 24:21 | Create | Villager (Male) |
| 24:24 | Build | Farm |
| 24:26 | Build | Farm |
| 24:37 | Create | Knight |
| 24:38 | Create | Knight |
| 24:44 | Create | Villager (Male) |
| 24:44 | Create | Villager (Male) |
| 25:31 | Create | Villager (Male) |
| 25:46 | Build | Mining Camp |
| 25:48 | Create | Villager (Male) |
| 25:56 | Build | Town Center |
| 26:14 | Research | Chain Barding Armor |
| 26:15 | Research | Iron Casting |
| 26:16 | Create | Knight |
| 26:16 | Create | Knight |
| 26:16 | Create | Knight |
| 26:18 | Create | Villager (Male) |
| 26:18 | Create | Villager (Male) |
| 26:18 | Create | Villager (Male) |
| 26:22 | Build | Farm |
Build order — r@w
First 150 of 426 actions detected
| 0:00 | Create | Villager (Male) |
| 0:01 | Create | Villager (Male) |
| 0:02 | Build | House |
| 0:04 | Build | House |
| 0:04 | Create | Villager (Male) |
| 0:04 | Create | Villager (Male) |
| 1:23 | Create | Villager (Male) |
| 1:23 | Create | Villager (Male) |
| 1:53 | Build | Lumber Camp |
| 1:55 | Create | Villager (Male) |
| 1:55 | Create | Villager (Male) |
| 2:36 | Create | Villager (Male) |
| 2:55 | Create | Villager (Male) |
| 2:55 | Create | Villager (Male) |
| 3:47 | Create | Villager (Male) |
| 3:48 | Create | Villager (Male) |
| 4:21 | Build | House |
| 4:28 | Create | Villager (Male) |
| 4:54 | Create | Villager (Male) |
| 4:54 | Create | Villager (Male) |
| 5:04 | Build | Mill |
| 5:12 | Create | Villager (Male) |
| 5:12 | Create | Villager (Male) |
| 5:41 | Create | Villager (Male) |
| 5:47 | Create | Villager (Male) |
| 6:01 | Create | Villager (Male) |
| 6:02 | Create | Villager (Male) |
| 6:52 | Build | Palisade Wall |
| 6:55 | Build | Palisade Wall |
| 7:06 | Research | Loom |
| 7:30 | Build | Palisade Wall |
| 7:33 | Create | Villager (Male) |
| 7:37 | Research | Feudal Age |
| 7:38 | Research | Feudal Age |
| 7:53 | Build | House |
| 7:54 | Create | Villager (Male) |
| 8:07 | Build | Palisade Wall |
| 8:08 | Create | Villager (Male) |
| 8:18 | Build | Barracks |
| 8:19 | Create | Villager (Male) |
| 8:30 | Build | Palisade Wall |
| 8:35 | Build | Palisade Wall |
| 8:39 | Build | Palisade Wall |
| 8:51 | Build | House |
| 8:54 | Create | Villager (Male) |
| 9:12 | Create | Villager (Male) |
| 9:34 | Build | Palisade Wall |
| 9:37 | Build | Palisade Wall |
| 9:46 | Build | Palisade Wall |
| 9:47 | Build | Palisade Wall |
| 9:47 | Age | Feudal Age |
| 9:47 | Build | Palisade Wall |
| 9:57 | Build | Archery Range |
| 10:02 | Build | Archery Range |
| 10:03 | Create | Villager (Male) |
| 10:13 | Research | Double-Bit Axe |
| 10:24 | Create | Villager (Male) |
| 10:27 | Build | House |
| 10:30 | Build | Palisade Wall |
| 10:44 | Create | Villager (Male) |
| 10:49 | Build | Mining Camp |
| 10:55 | Create | Villager (Male) |
| 11:09 | Build | Palisade Wall |
| 11:17 | Create | Villager (Male) |
| 11:18 | Create | Villager (Male) |
| 11:21 | Create | Archer |
| 11:24 | Create | Villager (Male) |
| 11:40 | Build | House |
| 11:42 | Build | House |
| 11:47 | Build | Lumber Camp |
| 12:07 | Create | Archer |
| 12:11 | Create | Spearman |
| 12:26 | Build | House |
| 12:44 | Create | Archer |
| 12:48 | Build | Farm |
| 12:53 | Build | Farm |
| 12:54 | Create | Villager (Male) |
| 12:58 | Build | House |
| 13:12 | Build | Farm |
| 13:23 | Build | Farm |
| 13:25 | Create | Villager (Male) |
| 13:26 | Create | Archer |
| 13:42 | Build | Farm |
| 13:52 | Create | Villager (Male) |
| 13:59 | Build | Farm |
| 14:01 | Create | Villager (Male) |
| 14:06 | Research | Horse Collar |
| 14:07 | Research | Horse Collar |
| 14:30 | Build | Farm |
| 14:32 | Create | Villager (Male) |
| 14:32 | Create | Villager (Male) |
| 14:39 | Build | Farm |
| 14:44 | Create | Villager (Male) |
| 14:45 | Create | Archer |
| 14:53 | Create | Skirmisher |
| 15:06 | Build | Market |
| 15:11 | Build | House |
| 15:22 | Build | House |
| 16:00 | Create | Archer |
| 16:01 | Create | Archer |
| 16:11 | Create | Archer |
| 16:13 | Create | Skirmisher |
| 16:15 | Build | Farm |
| 16:16 | Create | Villager (Male) |
| 16:17 | Create | Villager (Male) |
| 16:22 | Create | Skirmisher |
| 16:30 | Build | Archery Range |
| 16:36 | Create | Villager (Male) |
| 16:47 | Create | Villager (Male) |
| 16:48 | Build | Farm |
| 17:02 | Create | Villager (Male) |
| 17:26 | Create | Skirmisher |
| 17:37 | Build | Blacksmith |
| 17:40 | Create | Villager (Male) |
| 17:50 | Create | Skirmisher |
| 17:51 | Create | Villager (Male) |
| 17:53 | Research | Town Watch |
| 17:53 | Research | Town Watch |
| 18:03 | Create | Villager (Male) |
| 18:07 | Create | Skirmisher |
| 18:07 | Create | Skirmisher |
| 18:07 | Create | Villager (Male) |
| 18:15 | Build | Farm |
| 18:17 | Build | Farm |
| 18:33 | Research | Fletching |
| 18:33 | Research | Fletching |
| 18:40 | Create | Skirmisher |
| 18:40 | Create | Skirmisher |
| 18:41 | Create | Villager (Male) |
| 18:41 | Create | Villager (Male) |
| 19:21 | Create | Villager (Male) |
| 19:31 | Build | House |
| 19:48 | Create | Villager (Male) |
| 20:02 | Build | House |
| 20:03 | Build | House |
| 20:05 | Build | House |
| 20:21 | Build | Mining Camp |
| 20:38 | Research | Castle Age |
| 20:39 | Research | Castle Age |
| 20:50 | Build | Farm |
| 20:52 | Build | Farm |
| 20:53 | Build | Farm |
| 21:18 | Research | Stone Mining |
| 21:19 | Create | Villager (Male) |
| 21:32 | Create | Villager (Male) |
| 21:44 | Build | House |
| 21:45 | Build | House |
| 21:45 | Build | House |
| 21:52 | Build | House |
| 21:55 | Build | House |
Match timeline
| 6:52 | r@w · wall_segment Palisade Wall x1 |
| 6:55 | r@w · wall_segment Palisade Wall x15 |
| 7:16 | Lith_KING · first_building Barracks |
| 7:30 | r@w · wall_segment Palisade Wall x5 |
| 8:07 | r@w · wall_segment Palisade Wall x12 |
| 8:18 | r@w · first_building Barracks |
| 8:30 | r@w · wall_segment Palisade Wall x1 |
| 8:35 | r@w · wall_segment Palisade Wall x10 |
| 8:39 | r@w · wall_segment Palisade Wall x1 |
| 9:16 | Lith_KING · age_up feudal |
| 9:21 | Lith_KING · first_building Stable |
| 9:34 | r@w · wall_segment Palisade Wall x1 |
| 9:37 | r@w · wall_segment Palisade Wall x6 |
| 9:46 | r@w · wall_segment Palisade Wall x1 |
| 9:47 | r@w · wall_segment Palisade Wall x1 |
| 9:47 | r@w · age_up feudal |
| 9:47 | r@w · wall_segment Palisade Wall x1 |
| 9:57 | r@w · first_building Archery Range |
| 10:30 | r@w · wall_segment Palisade Wall x1 |
| 11:09 | r@w · wall_segment Palisade Wall x8 |
| 11:52 | Lith_KING · first_building Archery Range |
| 19:41 | r@w · first_market_sell 100 wood |
| 19:44 | r@w · first_market_buy 100 food |
| 21:54 | Lith_KING · age_up castle |
| 22:02 | Lith_KING · first_building Monastery |
| 23:18 | r@w · age_up castle |
| 23:40 | r@w · first_building Castle |
| 27:45 | r@w · first_building Monastery |
| 33:51 | Lith_KING · first_building Castle |
| 36:52 | r@w · first_building Stable |
| 39:31 | r@w · age_up imperial |
| 40:41 | Lith_KING · age_up imperial |
| 46:15 | r@w · resign |
[ AI ANALYSIS · 1 CREDIT ]
What really happened in this match?
Wolo.gg analyzes every decision: build order, eco, micro, common mistakes by bracket. Personalized analysis on WhatsApp or Discord in 30 seconds.
Civ guide
Lithuanians
Map guide
Arabia
Perfil
Lith_KING